Map: 2000 Atmospheres LE

Players

ShaDoWn - Winner!

  • Race: Protoss Protoss

DnS

  • Race: Protoss Protoss

Event: DreamHack SC2 Masters 2021 Fall

VOD

Have the link to the VOD?

Description

Time

  • Played on: Aug. 6, 2021, 10:44 a.m.
  • Length: 7:40

All games in this series

Show
View Real Time Build Order
Export as new Build Order

ShaDoWn Protoss - Winner!

Build Orders: Blink Stalkers 

Get SALT Encoding   

  12  0:00  Probe  
  13  0:12  Probe  
  14  0:17  Pylon  
  14  0:24  Probe (Chrono Boost)  
  15  0:36  Probe (Chrono Boost)  
  15  0:37  Gateway  
  16  0:44  Probe (Chrono Boost)  
  16  0:45  Assimilator  
  17  0:51  Probe  
  17  0:54  Assimilator  
  18  1:03  Probe (Chrono Boost)  
  19  1:08  Gateway  
  19  1:14  Probe (Chrono Boost)  
  20  1:18  Probe (Chrono Boost)  
  20  1:23  Cybernetics Core  
  21  1:29  Probe  
  22  1:35  Pylon  
  22  1:41  Probe  
  23  1:53  Probe  
  24  2:00  Stalker x2, Warp Gate  
  28  2:12  Pylon  
  28  2:27  Pylon  
  28  2:37  Nexus  
  28  2:40  Probe  
  29  2:46  Sentry x2  
  33  2:53  Probe  
  33  2:54  Shield Battery  
  34  3:05  Probe (Chrono Boost)  
  35  3:08  Twilight Council  
  35  3:15  Pylon, Probe (Chrono Boost)  
  35  3:19  Probe (Chrono Boost)  
  37  3:28  Forge  
  37  3:31  Probe (Chrono Boost)  
  38  3:38  Probe (Chrono Boost)  
  39  3:45  Blink  
  40  3:49  Probe x2 (Chrono Boost)  
  40  3:52  Sentry  
  43  3:58  Probe (Chrono Boost)  
  43  4:00  Probe (Chrono Boost)  
  43  4:01  Protoss Ground Weapons Level 1  
  45  4:03  Probe (Chrono Boost)  
  45  4:09  Probe  
  47  4:16  Probe  
  48  4:18  Robotics Facility  
  48  4:28  Nexus  
  49  4:36  Gateway  
  49  4:37  Gateway  
  48  4:38  Probe  
  48  4:40  Probe  
  50  4:50  Probe  
  50  4:52  Gateway  
  51  4:54  Assimilator  
  51  4:55  Stalker  
  53  5:01  Probe  
  53  5:03  Probe  
  53  5:05  Observer (Chrono Boost)  
  53  5:06  Stalker  
  58  5:07  Pylon  
  58  5:19  Probe  
  58  5:20  Observer (Chrono Boost), Stalker  
  61  5:25  Probe  
  61  5:26  Pylon  
  63  5:31  Stalker x2  
  63  5:33  Probe  
  68  5:38  Probe  
  68  5:39  Warp Prism (Chrono Boost)  
  71  5:43  Stalker  
  71  5:45  Stalker  
  71  5:47  Stalker  
  77  5:52  Photon Cannon  
  77  5:57  Stalker  
  77  6:02  Stalker  
  77  6:03  Probe  
  82  6:06  Stalker  
  84  6:14  Probe  
  84  6:17  Probe  
  87  6:18  Probe  
  87  6:19  Pylon  
  87  6:23  Pylon  
  87  6:31  Stalker x4  
  89  6:43  Probe  
  89  6:44  Probe  
  85  6:49  Stalker  
  85  6:51  Probe  
  88  6:54  Stalker x2  
  88  6:56  Probe (Chrono Boost)  
  88  6:58  Probe (Chrono Boost)  
  92  7:01  Photon Cannon  
  92  7:02  Stalker x2  
  92  7:03  Probe (Chrono Boost)  
  92  7:06  Assimilator  
  92  7:08  Assimilator, Probe (Chrono Boost)  
  98  7:11  Probe (Chrono Boost)  
  98  7:15  Probe (Chrono Boost)  
  100  7:18  Probe (Chrono Boost)  
  100  7:20  Stalker x3, Probe (Chrono Boost)  
  102  7:27  Stalker  
  100  7:35  Stalker  
Show
View Real Time Build Order
Export as new Build Order

DnS Protoss 

Build Orders: Blink Stalkers, Zealot Archon, Dark Templar Rush 

Get SALT Encoding   

  12  0:00  Probe  
  13  0:12  Probe  
  14  0:17  Pylon  
  14  0:24  Probe (Chrono Boost)  
  16  0:36  Gateway, Probe (Chrono Boost)  
  16  0:43  Probe (Chrono Boost)  
  16  0:45  Assimilator  
  17  0:51  Probe  
  17  0:54  Assimilator  
  18  1:03  Probe (Chrono Boost)  
  19  1:06  Gateway  
  19  1:12  Probe (Chrono Boost)  
  19  1:17  Probe (Chrono Boost)  
  20  1:25  Cybernetics Core  
  21  1:29  Probe  
  22  1:35  Pylon  
  22  1:41  Probe  
  23  1:53  Probe  
  24  2:01  Stalker x2, Warp Gate  
  28  2:11  Pylon  
  28  2:31  Sentry x2  
  32  2:46  Nexus  
  32  2:50  Twilight Council  
  32  2:54  Probe  
  33  3:01  Stalker  
  35  3:12  Pylon, Probe  
  36  3:27  Dark Shrine  
  36  3:30  Probe (Chrono Boost)  
  37  3:37  Shield Battery  
  37  3:42  Probe (Chrono Boost)  
  38  3:49  Probe (Chrono Boost)  
  38  3:51  Forge  
  39  3:55  Blink (Chrono Boost)  
  39  4:00  Probe x2 (Chrono Boost)  
  43  4:11  Probe x2 (Chrono Boost)  
  43  4:18  Probe (Chrono Boost)  
  43  4:19  Probe (Chrono Boost)  
  45  4:24  Probe (Chrono Boost)  
  45  4:27  Probe (Chrono Boost)  
  49  4:39  Dark Templar, Probe (Chrono Boost)  
  49  4:41  Probe (Chrono Boost)  
  49  4:44  Dark Templar, Probe (Chrono Boost)  
  54  4:47  Probe  
  55  4:53  Probe  
  55  4:57  Protoss Ground Weapons Level 1  
  55  4:59  Probe  
  57  5:03  Nexus  
  57  5:05  Probe  
  57  5:06  Pylon  
  58  5:07  Assimilator  
  58  5:11  Probe  
  59  5:17  Probe  
  59  5:18  Phoenix  
  60  5:23  Stalker  
  60  5:24  Probe  
  60  5:25  Pylon  
  60  5:26  Stalker  
  65  5:29  Probe  
  65  5:35  Robotics Facility  
  66  5:36  Probe  
  66  5:38  Pylon  
  66  5:41  Probe  
  68  5:45  Archon  
  68  5:46  Stalker  
  68  5:48  Probe  
  71  5:50  Stalker  
  71  5:54  Gateway  
  71  5:56  Gateway  
  71  5:57  Probe  
  74  5:59  Charge  
  75  6:07  Gateway  
  75  6:10  Gateway  
  74  6:12  Gateway  
  74  6:16  Shield Battery  
  74  6:19  Shield Battery  
  74  6:22  Stalker  
  76  6:27  Immortal (Chrono Boost)  
  76  6:33  Stalker  
  69  6:47  Stalker  
  69  6:51  Pylon  
  61  6:54  Stalker x2  
  55  7:10  Stalker x5  
  57  7:22  Zealot  
  57  7:23  Zealot  
  53  7:33  Zealot x4  

Tags
 
Add a new tag
Caveats
  • Supply blocks, unpowered buildings, or Contaminate may cause inaccurate times.
  • Supply counts are checked every 10 seconds.